| TOP OF THE 1ST |
|
Oakland (APP) Athletics batting - Pitching for Cleveland (APP) Indians : RHP Ricky Venegas
|
|
Pitching: RHP Ricky Venegas
|
|
|
Batting: RHB Danny Murillo
|
0-0: Swinging Strike 0-1: Ball 1-1: Ball 2-1: Called Strike 2-2: Ball 3-2: Strikes out looking
|
|
Batting: LHB Dave Talbert
|
0-0: Called Strike 0-1: Foul Ball, location: 2F 0-2: Ball 1-2: Foul Ball, location: 2F 1-2: SINGLE (Line Drive, 7S, EV 91.3 MPH)
|
|
Batting: LHB Yoshinari Nara
|
0-0: Ball 1-0: Ball 2-0: Foul Ball, location: 2F 2-1: 2-RUN HOME RUN (Flyball, 7D, EV 103.1 MPH), Distance : 361 ft
|
|
Batting: RHB Stu Rancourt
|
0-0: Called Strike 0-1: Swinging Strike 0-2: Strikes out looking
|
|
Batting: LHB Francisco Mendoza
|
0-0: Called Strike 0-1: Ball 1-1: Foul Ball, location: 2F 1-2: Ground out U3 (Groundball, 3, EV 100.6 MPH)
|
| Top of the 1st over - 2 runs, 2 hits, 0 errors, 0 left on base; Oakland (APP) 2 - Cleveland (APP) 0 |
| BOTTOM OF THE 1ST |
|
Cleveland (APP) Indians batting - Pitching for Oakland (APP) Athletics : RHP Troy Baker
|
|
Pitching: RHP Troy Baker
|
|
|
Batting: RHB Jim Wright
|
0-0: Foul Ball, location: 2F 0-1: Foul Ball, location: 2F 0-2: Hit by Pitch
|
|
Batting: SHB Victor Martinez
|
0-0: Swinging Strike 0-1: Foul Ball, location: 2F 0-2: Ball 1-2: Strikes out swinging
|
|
Batting: LHB Jesus Romero
|
0-0: Fielders Choice at 2nd, 3-6 (Groundball, 3, EV 102.5 MPH)
|
|
Batting: RHB Jorge Ruelas
|
0-0: Called Strike 0-1: Ball 1-1: Called Strike 1-2: Reached on error, E5 (Groundball, 56S, EV 82.5 MPH) Jesus Romero to second
|
|
Batting: RHB Dave Lanman
|
0-0: Called Strike 0-1: Ball 1-1: Ball 2-1: Ground out U3 (Groundball, 3L, EV 86.9 MPH)
|
| Bottom of the 1st over - 0 runs, 0 hits, 1 error, 2 left on base; Oakland (APP) 2 - Cleveland (APP) 0 |
| TOP OF THE 2ND |
|
Oakland (APP) Athletics batting - Pitching for Cleveland (APP) Indians : RHP Ricky Venegas
|
|
Batting: LHB Clyde Saxton
|
0-0: Ball 1-0: Foul Ball, location: 2F 1-1: Foul Ball, location: 2F 1-2: Strikes out swinging
|
|
Batting: RHB Javier Garcia
|
0-0: Called Strike 0-1: Called Strike 0-2: Ball 1-2: Ball 2-2: Ball 3-2: Foul Ball, location: 2F 3-2: Base on Balls
|
|
Batting: RHB Omar Quintana
|
0-0: Swinging Strike 0-1: Ball 1-1: Called Strike 1-2: Ball 2-2: Foul Ball, location: 2F 2-2: Ball 3-2: Strikes out swinging
|
|
Batting: LHB Robert Ibarra
|
0-0: Ball 1-0: Ball 2-0: Called Strike 2-1: Swinging Strike 2-2: Strikes out looking
|
| Top of the 2nd over - 0 runs, 0 hits, 0 errors, 1 left on base; Oakland (APP) 2 - Cleveland (APP) 0 |
| BOTTOM OF THE 2ND |
|
Cleveland (APP) Indians batting - Pitching for Oakland (APP) Athletics : RHP Troy Baker
|
|
Batting: RHB Justin Jennings
|
0-0: Ball 1-0: Called Strike 1-1: Foul Ball, location: 2F 1-2: Strikes out looking
|
|
Batting: LHB Cesar Valdez
|
0-0: Called Strike 0-1: Ball 1-1: Foul Ball, location: 2F 1-2: Ball 2-2: Strikes out swinging
|
|
Batting: RHB Jesse Marder
|
0-0: Ball 1-0: Foul Ball, location: 2F 1-1: Ball 2-1: Called Strike 2-2: Strikes out looking
|
| Bottom of the 2nd over - 0 runs, 0 hits, 0 errors, 0 left on base; Oakland (APP) 2 - Cleveland (APP) 0 |
| TOP OF THE 3RD |
|
Oakland (APP) Athletics batting - Pitching for Cleveland (APP) Indians : RHP Ricky Venegas
|
|
Batting: RHB Danny Murillo
|
0-0: Called Strike 0-1: Ball 1-1: Foul Ball, location: 2F 1-2: Strikes out looking
|
|
Batting: LHB Dave Talbert
|
0-0: Foul Ball, location: 2F 0-1: Foul Ball, location: 2F 0-2: Foul Ball, location: 2F 0-2: Foul Ball, location: 2F 0-2: Ball 1-2: Ball 2-2: Ball 3-2: Foul Ball, location: 2F 3-2: Fly out, F9 (Flyball, 9, EV 93.1 MPH)
|
|
Batting: LHB Yoshinari Nara
|
0-0: Ball 1-0: Ball 2-0: Ball 3-0: Called Strike 3-1: Foul Ball, location: 2F 3-2: Base on Balls
|
|
Batting: RHB Stu Rancourt
|
0-0: Ball 1-0: Swinging Strike 1-1: Ball 2-1: Called Strike Yoshinari Nara steals 2nd, throwing error, E2 Yoshinari Nara to third 2-2: Ground out 1-3 (Groundball, P, EV 73.8 MPH)
|
| Top of the 3rd over - 0 runs, 0 hits, 1 error, 1 left on base; Oakland (APP) 2 - Cleveland (APP) 0 |
| BOTTOM OF THE 3RD |
|
Cleveland (APP) Indians batting - Pitching for Oakland (APP) Athletics : RHP Troy Baker
|
|
Batting: SHB Kaden Hutchinson
|
0-0: Ball 1-0: Ground out 4-3 (Groundball, 4, EV 85.6 MPH)
|
|
Batting: RHB Jim Wright
|
0-0: Fly out, F4 (Popup, 4, EV 63.8 MPH)
|
|
Batting: SHB Victor Martinez
|
0-0: Ball 1-0: Foul Ball, location: 2F 1-1: Called Strike 1-2: Ball 2-2: Ground out 4-3 (Groundball, 4, EV 78.8 MPH)
|
| Bottom of the 3rd over - 0 runs, 0 hits, 0 errors, 0 left on base; Oakland (APP) 2 - Cleveland (APP) 0 |
| TOP OF THE 4TH |
|
Oakland (APP) Athletics batting - Pitching for Cleveland (APP) Indians : RHP Ricky Venegas
|
|
Batting: LHB Francisco Mendoza
|
0-0: Ball 1-0: Called Strike 1-1: Foul Ball, location: 2F 1-2: Ball 2-2: Ball 3-2: Foul Ball, location: 2F 3-2: Foul Ball, location: 2F 3-2: SINGLE (Groundball, 34D, EV 101.9 MPH)
|
|
Pitching: RHP Jake Cooper
|
|
|
Batting: LHB Clyde Saxton
|
0-0: Ball 1-0: Swinging Strike 1-1: Ball 2-1: Foul Ball, location: 2F 2-2: Strikes out swinging
|
|
Batting: RHB Javier Garcia
|
0-0: Ball Francisco Mendoza steals 2nd base 1-0: Ball Francisco Mendoza steals 3rd base 2-0: SINGLE (Groundball, 4MD, EV 100.0 MPH) Francisco Mendoza scores
|
|
Batting: RHB Omar Quintana
|
0-0: Ball 1-0: Ball 2-0: Ball 3-0: Called Strike 3-1: Foul Ball, location: 2F 3-2: SINGLE (Groundball, 6MD, EV 100.0 MPH) Javier Garcia to second Runner from 2nd tries for 3rd, SAFE, throw by CF made to third
|
|
Batting: LHB Robert Ibarra
|
0-0: Called Strike 0-1: Called Strike 0-2: Fly out, F9 (Flyball, 9S, EV 86.9 MPH)
|
|
Batting: RHB Danny Murillo
|
0-0: Ball 1-0: Foul Ball, location: 2F 1-1: SINGLE (Groundball, 56D, EV 97.5 MPH) Javier Garcia scores Omar Quintana to second
|
|
Batting: LHB Dave Talbert
|
0-0: Foul Ball, location: 2F 0-1: 3-RUN HOME RUN (Flyball, 9LD, EV 106.9 MPH), Distance : 343 ft
|
|
Pitching: RHP Tom Moss
|
|
|
Batting: LHB Yoshinari Nara
|
0-0: Foul Ball, location: 2F 0-1: Ball 1-1: Swinging Strike 1-2: Ball 2-2: Ball 3-2: Ground out U3 (Groundball, 3, EV 108.1 MPH)
|
| Top of the 4th over - 5 runs, 5 hits, 0 errors, 0 left on base; Oakland (APP) 7 - Cleveland (APP) 0 |
| BOTTOM OF THE 4TH |
|
Cleveland (APP) Indians batting - Pitching for Oakland (APP) Athletics : RHP Troy Baker
|
|
Batting: LHB Jesus Romero
|
0-0: Ball 1-0: Ball 2-0: Called Strike 2-1: Called Strike 2-2: Ball 3-2: Strikes out swinging
|
|
Batting: RHB Jorge Ruelas
|
0-0: Ball 1-0: Ball 2-0: Foul Ball, location: 2F 2-1: Swinging Strike 2-2: Fly out, F8 (Flyball, 8RM, EV 95.0 MPH)
|
|
Batting: RHB Dave Lanman
|
0-0: Ball 1-0: Fly out, F9 (Flyball, 9S, EV 85.6 MPH)
|
| Bottom of the 4th over - 0 runs, 0 hits, 0 errors, 0 left on base; Oakland (APP) 7 - Cleveland (APP) 0 |
| TOP OF THE 5TH |
|
Oakland (APP) Athletics batting - Pitching for Cleveland (APP) Indians : RHP Tom Moss
|
|
Batting: RHB Stu Rancourt
|
0-0: Ball 1-0: Ball 2-0: Ball 3-0: Called Strike 3-1: Base on Balls
|
|
Batting: LHB Francisco Mendoza
|
0-0: Fielders Choice at 2nd, 4-6 (Groundball, 34, EV 91.3 MPH)
|
|
Batting: LHB Clyde Saxton
|
0-0: Ball 1-0: Ball 2-0: Ball 3-0: Fly out, F5 (Popup, 56, EV 67.5 MPH)
|
|
Batting: RHB Javier Garcia
|
0-0: Ball 1-0: Ball 2-0: Called Strike 2-1: Called Strike 2-2: Ball Francisco Mendoza steals 2nd base (no throw) 3-2: SINGLE (Line Drive, 6MD, EV 96.3 MPH) Francisco Mendoza to third Francisco Mendoza scores
|
|
Batting: RHB Omar Quintana
|
0-0: Fielders Choice at 2nd, 6-4 (Groundball, 6, EV 100.6 MPH)
|
| Top of the 5th over - 1 run, 1 hit, 0 errors, 1 left on base; Oakland (APP) 8 - Cleveland (APP) 0 |
| BOTTOM OF THE 5TH |
|
Cleveland (APP) Indians batting - Pitching for Oakland (APP) Athletics : RHP Troy Baker
|
|
Batting: RHB Justin Jennings
|
0-0: Ball 1-0: Ball 2-0: TRIPLE (Flyball, 89XD, EV 111.3 MPH)
|
|
Batting: LHB Cesar Valdez
|
0-0: Ball 1-0: Ball 2-0: Ground out 5-3 (Groundball, 5L, EV 84.4 MPH)
|
|
Batting: RHB Jesse Marder
|
0-0: Ball 1-0: Ball 2-0: SINGLE (Flyball, 78M, EV 90.0 MPH) Justin Jennings scores
|
|
Batting: SHB Kaden Hutchinson
|
0-0: Ball 1-0: Called Strike 1-1: Swinging Strike 1-2: Strikes out swinging
|
|
Batting: RHB Jim Wright
|
0-0: Called Strike 0-1: Swinging Strike 0-2: Ball 1-2: Ball Jesse Marder steals 2nd base (no throw) 2-2: Strikes out looking
|
| Bottom of the 5th over - 1 run, 2 hits, 0 errors, 1 left on base; Oakland (APP) 8 - Cleveland (APP) 1 |
| TOP OF THE 6TH |
|
Oakland (APP) Athletics batting - Pitching for Cleveland (APP) Indians : RHP Tom Moss
|
|
Batting: LHB Robert Ibarra
|
0-0: Fly out, F8 (Flyball, 8RM, EV 65.0 MPH)
|
|
Batting: RHB Danny Murillo
|
0-0: Swinging Strike 0-1: Foul Ball, location: 2F 0-2: Foul Ball, location: 2F 0-2: Strikes out swinging
|
|
Batting: LHB Dave Talbert
|
0-0: DOUBLE (Flyball, 8RXD, EV 99.4 MPH)
|
|
Batting: LHB Yoshinari Nara
|
0-0: Ball 1-0: Ball 2-0: Foul Ball, location: 2F 2-1: Foul Ball, location: 2F 2-2: Ground out 4-3 (Groundball, 4, EV 83.8 MPH)
|
| Top of the 6th over - 0 runs, 1 hit, 0 errors, 1 left on base; Oakland (APP) 8 - Cleveland (APP) 1 |
| BOTTOM OF THE 6TH |
|
Cleveland (APP) Indians batting - Pitching for Oakland (APP) Athletics : RHP Troy Baker
|
|
Batting: SHB Victor Martinez
|
0-0: Called Strike 0-1: Ball 1-1: Ball 2-1: Ball 3-1: Ground out 4-3 (Groundball, 4, EV 81.3 MPH)
|
|
Batting: LHB Jesus Romero
|
0-0: Ground out 4-3 (Groundball, 4, EV 85.6 MPH)
|
|
Batting: RHB Jorge Ruelas
|
0-0: Swinging Strike 0-1: Ball 1-1: Fly out, F8 (Flyball, 8LXD, EV 90.0 MPH)
|
| Bottom of the 6th over - 0 runs, 0 hits, 0 errors, 0 left on base; Oakland (APP) 8 - Cleveland (APP) 1 |
| TOP OF THE 7TH |
|
Oakland (APP) Athletics batting - Pitching for Cleveland (APP) Indians : RHP Tom Moss
|
|
Batting: RHB Stu Rancourt
|
0-0: Ball 1-0: Called Strike 1-1: Ball 2-1: Foul Ball, location: 2F 2-2: Ball 3-2: SOLO HOME RUN (Flyball, 9D, EV 106.9 MPH), Distance : 393 ft
|
|
Batting: LHB Francisco Mendoza
|
0-0: Called Strike 0-1: Ball 1-1: Foul Ball, location: 2F 1-2: Ball 2-2: Foul Ball, location: 2F 2-2: Foul Ball, location: 2F 2-2: SINGLE (Line Drive, 8LS, EV 105.6 MPH)
|
|
Pitching: LHP Sergio Samano
|
|
|
Batting: LHB Clyde Saxton
|
0-0: Called Strike Francisco Mendoza steals 2nd base (no throw) 0-1: Ball 1-1: Ball 2-1: Foul Ball, location: 2F 2-2: Ball 3-2: Strikes out swinging
|
|
Batting: RHB Javier Garcia
|
0-0: Ball 1-0: Called Strike 1-1: Foul Ball, location: 2F 1-2: Strikes out swinging
|
|
Batting: RHB Omar Quintana
|
0-0: Ball 1-0: Foul Ball, location: 2F 1-1: Foul Ball, location: 2F 1-2: Foul Ball, location: 2F 1-2: Ball 2-2: Reached on error, E1 (Groundball, 15, EV 89.4 MPH) Francisco Mendoza scores
|
|
Batting: LHB Robert Ibarra
|
0-0: Called Strike 0-1: Ball 1-1: Ball 2-1: Foul Ball, location: 2F 2-2: Strikes out swinging
|
| Top of the 7th over - 2 runs, 2 hits, 1 error, 1 left on base; Oakland (APP) 10 - Cleveland (APP) 1 |
| BOTTOM OF THE 7TH |
|
Cleveland (APP) Indians batting - Pitching for Oakland (APP) Athletics : RHP Troy Baker
|
|
Batting: RHB Dave Lanman
|
0-0: Ball 1-0: Called Strike 1-1: Swinging Strike 1-2: SOLO HOME RUN (Line Drive, 7LD, EV 108.1 MPH), Distance : 339 ft
|
|
Pitching: LHP Ruben Nunez
|
|
|
Batting: RHB Justin Jennings
|
0-0: Fly out, F8 (Flyball, 78M, EV 95.6 MPH)
|
|
Batting: LHB Cesar Valdez
|
0-0: Ball 1-0: Called Strike 1-1: Ground out U3 (Groundball, 34S, EV 90.6 MPH)
|
|
Batting: RHB Jesse Marder
|
0-0: Swinging Strike 0-1: Ball 1-1: Swinging Strike 1-2: Ball 2-2: Ground out 3-1 (Groundball, 34S, EV 89.4 MPH)
|
| Bottom of the 7th over - 1 run, 1 hit, 0 errors, 0 left on base; Oakland (APP) 10 - Cleveland (APP) 2 |
| TOP OF THE 8TH |
|
Oakland (APP) Athletics batting - Pitching for Cleveland (APP) Indians : LHP Sergio Samano
|
|
Batting: RHB Danny Murillo
|
0-0: Ball 1-0: Ball 2-0: Ball 3-0: Called Strike 3-1: Reached on error, E6 (Groundball, 6S, EV 76.3 MPH)
|
|
Pinch Hitting: RHB Fernando Ramos
|
0-0: Ball 1-0: Swinging Strike 1-1: Swinging Strike 1-2: Ball 2-2: Foul Ball, location: 2F 2-2: Foul Ball, location: 2F 2-2: Ball 3-2: Base on Balls Danny Murillo to second
|
|
Pitching: RHP Jayden Brundage
|
|
|
Batting: LHB Yoshinari Nara
|
0-0: Foul Ball, location: 2F 0-1: Ball 1-1: Ball 2-1: Foul Ball, location: 2F 2-2: Foul Ball, location: 2F 2-2: Ball Wild Pitch! Danny Murillo to third Fernando Ramos to second 3-2: 3-RUN HOME RUN (Flyball, 7D, EV 100.6 MPH), Distance : 368 ft
|
|
Batting: RHB Stu Rancourt
|
0-0: Ground out 1-3 (Groundball, 34S, EV 81.9 MPH)
|
|
Batting: LHB Francisco Mendoza
|
0-0: Ball 1-0: Called Strike 1-1: Called Strike 1-2: Ball 2-2: Ground out 4-3 (Groundball, 4, EV 91.3 MPH)
|
|
Batting: LHB Clyde Saxton
|
0-0: Ball 1-0: Called Strike 1-1: Ball 2-1: Ball 3-1: Called Strike 3-2: DOUBLE (Line Drive, 89M, EV 95.6 MPH)
|
|
Batting: RHB Javier Garcia
|
0-0: Fly out, F8 (Flyball, 8RXD, EV 96.9 MPH)
|
| Top of the 8th over - 3 runs, 2 hits, 1 error, 1 left on base; Oakland (APP) 13 - Cleveland (APP) 2 |
| BOTTOM OF THE 8TH |
|
Cleveland (APP) Indians batting - Pitching for Oakland (APP) Athletics : LHP Ruben Nunez
|
|
Now at 1B: Harry Street
|
|
|
Batting: SHB Kaden Hutchinson
|
0-0: Called Strike 0-1: Ball 1-1: Ball 2-1: Called Strike 2-2: Strikes out swinging
|
|
Batting: RHB Jim Wright
|
0-0: Ball 1-0: Ball 2-0: Called Strike 2-1: Foul Ball, location: 2F 2-2: Foul Ball, location: 2F 2-2: Strikes out swinging
|
|
Batting: SHB Victor Martinez
|
0-0: Ball 1-0: Ground out 6-3 (Groundball, 56, EV 82.5 MPH)
|
| Bottom of the 8th over - 0 runs, 0 hits, 0 errors, 0 left on base; Oakland (APP) 13 - Cleveland (APP) 2 |
| TOP OF THE 9TH |
|
Oakland (APP) Athletics batting - Pitching for Cleveland (APP) Indians : RHP Jayden Brundage
|
|
Batting: RHB Omar Quintana
|
0-0: Swinging Strike 0-1: Ball 1-1: Swinging Strike 1-2: Strikes out looking
|
|
Pitching: RHP Ignatius Steinberg
|
|
|
Batting: LHB Robert Ibarra
|
0-0: Ball 1-0: Ball 2-0: Ball 3-0: Base on Balls
|
|
Batting: RHB Danny Murillo
|
0-0: Foul Ball, location: 2F 0-1: Foul Ball, location: 2F 0-2: Fielders Choice at 2nd, 3-6 (Groundball, 3, EV 98.8 MPH)
|
|
Pinch Hitting: RHB Gabe Robles
|
0-0: Called Strike 0-1: Ball Passed Ball! Danny Murillo to second 1-1: SINGLE (Groundball, 34D, EV 99.4 MPH) Danny Murillo to third Runner from 3rd tries for Home, SAFE, throw by RF to home
|
|
Batting: LHB Yoshinari Nara
|
0-0: Called Strike 0-1: Ball 1-1: Ball 2-1: Foul Ball, location: 2F 2-2: SINGLE (Groundball, 56, EV 101.3 MPH) Gabe Robles to second
|
|
Batting: RHB Stu Rancourt
|
0-0: Called Strike 0-1: Reached on error, E5 (Groundball, 56, EV 95.0 MPH) Gabe Robles to third Yoshinari Nara to second
|
|
Batting: LHB Francisco Mendoza
|
0-0: Ball 1-0: Called Strike 1-1: Ball 2-1: Ball 3-1: Ground out U3 (Groundball, 34, EV 81.9 MPH)
|
| Top of the 9th over - 1 run, 2 hits, 1 error, 3 left on base; Oakland (APP) 14 - Cleveland (APP) 2 |
| BOTTOM OF THE 9TH |
|
Cleveland (APP) Indians batting - Pitching for Oakland (APP) Athletics : LHP Ruben Nunez
|
|
Now at 1B: Gabe Robles
|
|
|
Batting: LHB Jesus Romero
|
0-0: Ball 1-0: Foul Ball, location: 2F 1-1: Foul Ball, location: 2F 1-2: Strikes out swinging
|
|
Pinch Hitting: RHB Steven Morgan
|
0-0: Called Strike 0-1: SINGLE (Groundball, 4MD, EV 94.4 MPH)
|
|
Batting: RHB Dave Lanman
|
0-0: Ball 1-0: Ball 2-0: SINGLE (Line Drive, 3L, EV 108.1 MPH) Steven Morgan to second
|
|
Batting: RHB Justin Jennings
|
0-0: Foul Ball, location: 2F 0-1: Ball 1-1: Swinging Strike 1-2: Ball 2-2: Strikes out swinging
|
|
Batting: LHB Cesar Valdez
|
0-0: Swinging Strike 0-1: SINGLE (Groundball, 5L, EV 104.4 MPH) Steven Morgan to third Dave Lanman to second
|
|
Batting: RHB Jesse Marder
|
0-0: Ball 1-0: Swinging Strike 1-1: DOUBLE (Groundball, 5L, EV 103.1 MPH) Steven Morgan scores Dave Lanman scores Cesar Valdez to third
|
|
Pinch Hitting: RHB Jayden Paul
|
0-0: Hit by Pitch
|
|
Batting: RHB Jim Wright
|
0-0: Ball 1-0: Ball 2-0: Ball 3-0: Called Strike 3-1: Foul Ball, location: 2F 3-2: Strikes out swinging
|
| Bottom of the 9th over - 2 runs, 4 hits, 0 errors, 3 left on base; Oakland (APP) 14 - Cleveland (APP) 4 |
|